[Event "39° Campionato Italiano Rapid ASCID"]
[Site "Pesaro"]
[Date "2024.04.20"]
[Round "1"]
[White "Vrioni, Bersan"]
[Black "Manneschi, Fabrizio"]
[Result "1-0"]
[Board "2"]
[WhiteElo "1956"]
[BlackElo "1627"]
[TimeControl "1500+30"]
[ECO "C25"]
[Opening "Vienna game"]
[PlyCount "37"]
[EventDate "2024.04.20"]
[EventRounds "6"]
[EventCountry "ITA"]
[Annotator "Bersca0.53"]

1. e4 e5 2. Nc3 Bb4 3. Qg4 Qf6 4. Nd5 Nh6 5. Nxf6+ gxf6 6. Qg7 Bf8 7. Qxh8
Ke7 8. Qxh7 d5 9. d3 Ng4 10. h3 Nxf2 11. Kxf2 dxe4 12. dxe4 Nc6 13. Be3 Nb4
14. Bc5+ Ke8 15. Qg8 Nd3+ 16. cxd3 Kd7 17. Qxf7+ Kc6 18. Qd5+ Kb5 19. d4+
1-0

[Event "39° Campionato Italiano Rapid ASCID"]
[Site "Pesaro"]
[Date "2024.04.20"]
[Round "1"]
[White "Trapletti, Cosetta"]
[Black "Gasperoni, Claudio"]
[Result "0-1"]
[Board "3"]
[WhiteElo "1614"]
[BlackElo "1866"]
[TimeControl "1500+30"]
[ECO "A13"]
[Opening "English opening"]
[PlyCount "50"]
[EventDate "2024.04.20"]
[EventRounds "6"]
[EventCountry "ITA"]
[Annotator "Bersca0.53"]

1. c4 e6 2. Nc3 Nf6 3. d4 d5 4. Bf4 c5 5. e3 cxd4 6. exd4 Nc6 7. Nf3 a6 8.
Bd3 dxc4 9. Bxc4 b5 10. Bb3 Bb7 11. O-O Be7 12. Re1 O-O 13. Ne5 Nxd4 14.
Bc2 Nxc2 15. Qxc2 Rc8 16. Rac1 Nd5 17. Bd2 b4 18. Re2 bxc3 19. bxc3 Bf6 20.
c4 Qc7 21. a3 Bxe5 22. g3 Nb6 23. c5 Qc6 24. Qe4 Qxe4 25. Rxe4 Bxe4 0-1

[Event "39° Campionato Italiano Rapid ASCID"]
[Site "Pesaro"]
[Date "2024.04.20"]
[Round "1"]
[White "Pugliese, Giuseppe Franco"]
[Black "Amadei, Lorenzo"]
[Result "1-0"]
[Board "4"]
[WhiteElo "1758"]
[BlackElo "1573"]
[TimeControl "1500+30"]
[ECO "C44"]
[Opening "Scotch opening"]
[PlyCount "43"]
[EventDate "2024.04.20"]
[EventRounds "6"]
[EventCountry "ITA"]
[Annotator "Bersca0.53"]

1. e4 e5 2. Nf3 Nc6 3. d4 d6 4. d5 Nce7 5. h3 Nf6 6. Nc3 b6 7. Bd3 Bb7 8.
O-O c6 9. Bg5 Ng6 10. h4 h6 11. Bxf6 Qxf6 12. dxc6 Bxc6 13. Nd5 Bxd5 14.
Bb5+ Kd8 15. Qxd5 Rc8 16. c3 Nxh4 17. Nxh4 Qxh4 18. g3 Qf6 19. f4 Rc5 20.
Qa8+ Kc7 21. Qxa7+ Kd8 22. Qd7# 1-0

[Event "39° Campionato Italiano Rapid ASCID"]
[Site "Pesaro"]
[Date "2024.04.20"]
[Round "1"]
[White "Parravano, Luca"]
[Black "Poli, Diego"]
[Result "0-1"]
[Board "5"]
[WhiteElo "1539"]
[BlackElo "1744"]
[TimeControl "1500+30"]
[ECO "D02"]
[Opening "Queen's pawn game"]
[PlyCount "58"]
[EventDate "2024.04.20"]
[EventRounds "6"]
[EventCountry "ITA"]
[Annotator "Bersca0.53"]

1. d4 d5 2. Nf3 e6 3. c4 Bb4+ 4. Bd2 Bxd2+ 5. Qxd2 Nf6 6. Nc3 Nbd7 7. e3 a6
8. Bd3 dxc4 9. Bxc4 b5 10. Bd3 Bb7 11. O-O c5 12. Qc2 cxd4 13. Nxd4 Rc8 14.
f3 b4 15. Be4 Nxe4 16. fxe4 bxc3 17. bxc3 O-O 18. Rfb1 Nc5 19. Nb3 Bxe4 20.
Rd1 Bxc2 21. Rxd8 Rfxd8 22. Nxc5 Rxc5 23. Rc1 Rd2 24. h3 Rxc3 25. Re1 f5
26. Kf1 Be4 27. Re2 Rxe2 28. Kxe2 Rc2+ 29. Kd1 Rxa2 0-1

[Event "39° Campionato Italiano Rapid ASCID"]
[Site "Pesaro"]
[Date "2024.04.20"]
[Round "1"]
[White "Soppelsa, Maurizio"]
[Black "Ionata, Lorenzo"]
[Result "1-0"]
[Board "6"]
[WhiteElo "1732"]
[BlackElo "1516"]
[TimeControl "1500+30"]
[ECO "A21"]
[Opening "English opening"]
[PlyCount "61"]
[EventDate "2024.04.20"]
[EventRounds "6"]
[EventCountry "ITA"]
[Annotator "Bersca0.53"]

1. c4 e5 2. Nc3 g6 3. g3 Bg7 4. Bg2 Ne7 5. d3 O-O 6. e4 c5 7. Nge2 Nbc6 8.
O-O d6 9. Bg5 a6 10. Qd2 b5 11. a3 Bb7 12. cxb5 Nd4 13. Nxd4 cxd4 14. Nd5
Re8 15. Nf6+ Bxf6 16. Bxf6 Nf5 17. Bxd8 Rexd8 18. exf5 Bxg2 19. Kxg2 axb5
20. fxg6 fxg6 21. Qg5 Rf8 22. f4 exf4 23. Rxf4 Rfe8 24. Qd5+ Kh8 25. Qxd4+
Re5 26. Qxd6 Re2+ 27. Kh3 h5 28. Qf6+ Kh7 29. Qg5 Rae8 30. Rf7+ Kg8 31.
Qxg6+ 1-0

[Event "39° Campionato Italiano Rapid ASCID"]
[Site "Pesaro"]
[Date "2024.04.20"]
[Round "1"]
[White "Battezzati, Claudia"]
[Black "Pezzolato, Erica"]
[Result "0-1"]
[Board "7"]
[WhiteElo "1399"]
[BlackElo "1667"]
[TimeControl "1500+30"]
[ECO "B00"]
[Opening "King's pawn opening"]
[PlyCount "50"]
[EventDate "2024.04.20"]
[EventRounds "6"]
[EventCountry "ITA"]
[Annotator "Bersca0.53"]

1. e4 d6 2. Nc3 Nf6 3. Be2 g6 4. Nf3 Bg7 5. O-O O-O 6. Ng5 h6 7. d4 hxg5 8.
f3 Nbd7 9. Bb5 a6 10. Qd3 axb5 11. Nxb5 c6 12. d5 cxb5 13. c4 bxc4 14. Qxc4
Ne5 15. Qb5 Qd7 16. a4 Qxb5 17. axb5 Rxa1 18. Rf2 Rxc1+ 19. Rf1 Rxf1+ 20.
Kxf1 Nd3 21. Ke2 Nxb2 22. Kd2 Bd7 23. Kc2 Bxb5 24. Kxb2 Rc8 25. e5 dxe5 0-1

[Event "39° Campionato Italiano Rapid ASCID"]
[Site "Pesaro"]
[Date "2024.04.20"]
[Round "1"]
[White "Vilone, Gennaro"]
[Black "Landini, Andrea"]
[Result "1-0"]
[Board "8"]
[WhiteElo "1644"]
[BlackElo "1399"]
[TimeControl "1500+30"]
[ECO "C55"]
[Opening "Two knights defence"]
[PlyCount "85"]
[EventDate "2024.04.20"]
[EventRounds "6"]
[EventCountry "ITA"]
[Annotator "Bersca0.53"]

1. e4 e5 2. Nf3 Nc6 3. Bc4 Nf6 4. Nc3 Bc5 5. O-O O-O 6. d3 d6 7. h3 Ne7 8.
Bg5 Ng6 9. Nd5 Be6 10. Nxf6+ gxf6 11. Bh6 Re8 12. Bb3 f5 13. Bxe6 fxe6 14.
Ng5 d5 15. Qh5 Bf8 16. Bxf8 Nxf8 17. Qf7+ Kh8 18. Qh5 Qe7 19. Nf7+ Kg7 20.
Nxe5 Qf6 21. f4 Ng6 22. Nd7 Qe7 23. Ne5 Nxe5 24. fxe5 Qf7 25. Qg5+ Qg6 26.
Qh4 Rf8 27. exf5 exf5 28. d4 Rac8 29. Rf3 Kh8 30. Raf1 Rg8 31. Qf6+ Qg7 32.
Qxg7+ Rxg7 33. Rxf5 Rcg8 34. g4 h6 35. Rf8 Kh7 36. R8f7 Rxf7 37. Rxf7+ Rg7
38. Rxg7+ Kxg7 39. Kg2 Kf7 40. Kg3 Ke6 41. Kh4 Ke7 42. Kh5 Kd7 43. Kxh6 1-0

[Event "39° Campionato Italiano Rapid ASCID"]
[Site "Pesaro"]
[Date "2024.04.20"]
[Round "1"]
[White "Vandelli, Jiazhuang"]
[Black "Battaglia, Gabriele"]
[Result "1-0"]
[Board "9"]
[WhiteElo "1399"]
[BlackElo "1635"]
[TimeControl "1500+30"]
[ECO "A01"]
[Opening "Nimzovich-Larsen attack"]
[Variation "Indian variation"]
[PlyCount "53"]
[EventDate "2024.04.20"]
[EventRounds "6"]
[EventCountry "ITA"]
[Annotator "Bersca0.53"]

1. b3 Nf6 2. Nf3 g6 3. Bb2 Bg7 4. e3 O-O 5. d4 d6 6. c4 Nbd7 7. Nc3 c5 8.
Be2 cxd4 9. Nxd4 Qc7 10. O-O b6 11. Bf3 Bb7 12. Ndb5 Bxf3 13. Nxc7 Bxd1 14.
Nxa8 Bc2 15. Nc7 Rc8 16. N7d5 Kf8 17. Rac1 Bf5 18. Nxf6 Nxf6 19. Nd5 Nxd5
20. Bxg7+ Kxg7 21. cxd5 Rc5 22. Rxc5 bxc5 23. f3 Bd3 24. Rd1 Bb5 25. a4 Ba6
26. Kf2 Bb7 27. e4 1-0

[Event "39° Campionato Italiano Rapid ASCID"]
[Site "Pesaro"]
[Date "2024.04.20"]
[Round "1"]
[White "Delmonte, Davide"]
[Black "Zanotti, Damiano"]
[Result "0-1"]
[Board "10"]
[WhiteElo "1635"]
[BlackElo "1399"]
[TimeControl "1500+30"]
[ECO "A00"]
[Opening "Polish (Sokolsky) opening"]
[PlyCount "48"]
[EventDate "2024.04.20"]
[EventRounds "6"]
[EventCountry "ITA"]
[Annotator "Bersca0.53"]

1. b4 d5 2. Bb2 e6 3. c4 Nf6 4. e3 Be7 5. d4 O-O 6. Bd3 b6 7. Nf3 Bb7 8.
Qc2 h6 9. Bh7+ Nxh7 10. Nbd2 Nd7 11. h4 c5 12. dxc5 bxc5 13. Qc3 Nhf6 14.
cxd5 cxb4 15. Qd4 Bxd5 16. Ne5 Nxe5 17. Qxe5 Bxg2 18. Rh2 Bb7 19. Rh3 Rc8
20. Rg3 g6 21. h5 g5 22. Rg4 Rc2 23. Rb1 Qxd2+ 24. Kf1 Qxf2# 0-1

[Event "39° Campionato Italiano Rapid ASCID"]
[Site "Pesaro"]
[Date "2024.04.20"]
[Round "2"]
[White "Casadei, Marco"]
[Black "Soppelsa, Maurizio"]
[Result "1-0"]
[Board "1"]
[WhiteElo "1969"]
[BlackElo "1732"]
[TimeControl "1500+30"]
[ECO "B00"]
[Opening "King's pawn opening"]
[PlyCount "31"]
[EventDate "2024.04.20"]
[EventRounds "6"]
[EventCountry "ITA"]
[Annotator "Bersca0.53"]

1. e4 d6 2. d4 g6 3. Nc3 Bg7 4. f4 e6 5. Nf3 Ne7 6. Bd3 Nd7 7. O-O b6 8. f5
Nf6 9. e5 Nfd5 10. f6 Nxf6 11. exf6 Bxf6 12. Ne4 Nc6 13. Nxf6+ Qxf6 14. Ne5
Qxf1+ 15. Qxf1 dxe5 16. Qf3 1-0

[Event "39° Campionato Italiano Rapid ASCID"]
[Site "Pesaro"]
[Date "2024.04.20"]
[Round "2"]
[White "Pezzolato, Erica"]
[Black "Vrioni, Bersan"]
[Result "0-1"]
[Board "2"]
[WhiteElo "1667"]
[BlackElo "1956"]
[TimeControl "1500+30"]
[ECO "A13"]
[Opening "English opening"]
[Variation "Agincourt variation"]
[PlyCount "50"]
[EventDate "2024.04.20"]
[EventRounds "6"]
[EventCountry "ITA"]
[Annotator "Bersca0.53"]

1. c4 e6 2. Nf3 d5 3. cxd5 exd5 4. d4 Nf6 5. Nc3 c6 6. e3 Bd6 7. Bd3 O-O 8.
O-O Bg4 9. h3 Bh5 10. Qc2 Bxf3 11. gxf3 Bc7 12. Ne2 g6 13. Ng3 Re8 14. e4
dxe4 15. Nxe4 Nxe4 16. fxe4 Qxd4 17. Bh6 Qe5 18. f3 Qh5 19. Qd2 Qxh3 20.
Bf4 Bxf4 21. Qxf4 Nd7 22. Bc4 Ne5 23. Rac1 Rad8 24. Rf2 Nxc4 25. Rxc4 Rd1+
0-1

[Event "39° Campionato Italiano Rapid ASCID"]
[Site "Pesaro"]
[Date "2024.04.20"]
[Round "2"]
[White "Gasperoni, Claudio"]
[Black "Vilone, Gennaro"]
[Result "1-0"]
[Board "3"]
[WhiteElo "1866"]
[BlackElo "1644"]
[TimeControl "1500+30"]
[ECO "D02"]
[Opening "Queen's pawn game"]
[PlyCount "95"]
[EventDate "2024.04.20"]
[EventRounds "6"]
[EventCountry "ITA"]
[Annotator "Bersca0.53"]

1. d4 d5 2. Nf3 Nf6 3. c4 c6 4. Nc3 Bf5 5. e3 e6 6. cxd5 cxd5 7. Bb5+ Nbd7
8. O-O Bb4 9. Bd2 O-O 10. a3 Ba5 11. b4 Bc7 12. Rc1 a6 13. Be2 Nb6 14. Na4
Nbd7 15. Nc5 Nxc5 16. dxc5 b6 17. cxb6 Bxb6 18. Bc3 Ne4 19. Bd4 Bxd4 20.
Nxd4 Bg6 21. f3 Nd6 22. Rc6 a5 23. b5 Nf5 24. Qd2 Qh4 25. Nxf5 Bxf5 26.
Rfc1 Bh3 27. Bf1 Bf5 28. Qd4 Qe7 29. a4 Rfd8 30. Qc5 Qxc5 31. R6xc5 d4 32.
e4 Bg6 33. Bd3 f6 34. Rc7 e5 35. Bc4+ Kh8 36. Bd5 Rab8 37. Kf2 f5 38. Ke2
fxe4 39. fxe4 Bh5+ 40. Kd3 h6 41. Bf7 Bxf7 42. Rxf7 Rf8 43. Rcc7 Rxf7 44.
Rxf7 Rc8 45. b6 Rc3+ 46. Kd2 Kg8 47. Rc7 Rb3 48. b7 1-0

[Event "39° Campionato Italiano Rapid ASCID"]
[Site "Pesaro"]
[Date "2024.04.20"]
[Round "2"]
[White "Zanotti, Damiano"]
[Black "Pugliese, Giuseppe Franco"]
[Result "0-1"]
[Board "4"]
[WhiteElo "1399"]
[BlackElo "1758"]
[TimeControl "1500+30"]
[ECO "B30"]
[Opening "Sicilian defence"]
[PlyCount "86"]
[EventDate "2024.04.20"]
[EventRounds "6"]
[EventCountry "ITA"]
[Annotator "Bersca0.53"]

1. e4 c5 2. Nf3 Nc6 3. Bc4 e6 4. O-O d6 5. d4 cxd4 6. Nxd4 Be7 7. c3 Nf6 8.
Re1 O-O 9. Bg5 Qc7 10. Nd2 Nxd4 11. cxd4 Nxe4 12. Nxe4 Bxg5 13. Nxg5 Qxc4
14. b3 Qb5 15. Qc2 g6 16. Qe4 Qxg5 17. f4 Qd5 18. Qd3 Bd7 19. a4 Bc6 20.
Re2 b5 21. Rb2 Rac8 22. h3 a6 23. a5 e5 24. fxe5 dxe5 25. Rd2 Rfd8 26. Rad1
e4 27. Qe3 f5 28. Rf2 b4 29. g3 Bb5 30. h4 Rc3 31. Qf4 Qxb3 32. Qd2 Rxg3+
33. Rg2 Rxg2+ 34. Kxg2 Qf3+ 35. Kg1 Rc8 36. Re1 Rc3 37. Qf2 Qg3+ 38. Qxg3
Rxg3+ 39. Kf2 Rd3 40. Rc1 Rxd4 41. Rc8+ Kg7 42. Ra8 Rd3 43. Ra7+ Kh6 0-1

[Event "39° Campionato Italiano Rapid ASCID"]
[Site "Pesaro"]
[Date "2024.04.20"]
[Round "2"]
[White "Poli, Diego"]
[Black "Vandelli, Jiazhuang"]
[Result "1-0"]
[Board "5"]
[WhiteElo "1744"]
[BlackElo "1399"]
[TimeControl "1500+30"]
[ECO "A83"]
[Opening "Dutch"]
[Variation "Staunton gambit, Staunton's line"]
[PlyCount "47"]
[EventDate "2024.04.20"]
[EventRounds "6"]
[EventCountry "ITA"]
[Annotator "Bersca0.53"]

1. d4 f5 2. e4 fxe4 3. Nc3 Nf6 4. Bg5 d5 5. Bxf6 exf6 6. Qh5+ g6 7. Qxd5
Bb4 8. Qxe4+ Kf7 9. Bc4+ Kg7 10. Ne2 Re8 11. Qd3 Nc6 12. O-O-O Bf5 13. Qd2
Na5 14. Bd3 Qd7 15. a3 Bd6 16. Nb5 Bxd3 17. Qxd3 Nc6 18. Nxd6 Qxd6 19. h4
Qd5 20. h5 Qxg2 21. hxg6 Qg5+ 22. Kb1 hxg6 23. Rdg1 Qd5 24. Qxg6+ 1-0

[Event "39° Campionato Italiano Rapid ASCID"]
[Site "Pesaro"]
[Date "2024.04.20"]
[Round "2"]
[White "Battaglia, Gabriele"]
[Black "Parravano, Luca"]
[Result "1-0"]
[Board "6"]
[WhiteElo "1635"]
[BlackElo "1539"]
[TimeControl "1500+30"]
[ECO "A05"]
[Opening "Reti opening"]
[PlyCount "65"]
[EventDate "2024.04.20"]
[EventRounds "6"]
[EventCountry "ITA"]
[Annotator "Bersca0.53"]

1. Nf3 Nf6 2. g3 d6 3. Bg2 e5 4. d3 Be7 5. O-O Nc6 6. Nbd2 Be6 7. Ng5 Bd7
8. Nge4 O-O 9. Nxf6+ Bxf6 10. Be4 g6 11. e3 Be6 12. Bg2 d5 13. e4 d4 14. b3
Qd7 15. Nc4 b5 16. Bh6 bxc4 17. Bxf8 Kxf8 18. bxc4 Ne7 19. Qd2 a5 20. Qh6+
Kg8 21. Qd2 Kg7 22. Rab1 h6 23. Rb2 Bg5 24. f4 Bf6 25. f5 gxf5 26. exf5
Nxf5 27. Bxa8 Bg5 28. Qe2 Nxg3 29. hxg3 Be3+ 30. Kh2 Bg4 31. Bf3 Bh3 32.
Rb5 Bxf1 33. Qxf1 1-0

[Event "39° Campionato Italiano Rapid ASCID"]
[Site "Pesaro"]
[Date "2024.04.20"]
[Round "2"]
[White "Amadei, Lorenzo"]
[Black "Delmonte, Davide"]
[Result "1-0"]
[Board "7"]
[WhiteElo "1573"]
[BlackElo "1635"]
[TimeControl "1500+30"]
[ECO "B00"]
[Opening "King's pawn opening"]
[PlyCount "49"]
[EventDate "2024.04.20"]
[EventRounds "6"]
[EventCountry "ITA"]
[Annotator "Bersca0.53"]

1. e4 d6 2. Nf3 c5 3. Bc4 d5 4. exd5 Nf6 5. O-O g6 6. Nc3 a6 7. d3 b5 8.
Bb3 Bb7 9. d6 e6 10. a4 b4 11. Ne4 Bg7 12. Bf4 O-O 13. Nxc5 Re8 14. Nxb7
Qd7 15. Nc5 Qc6 16. d4 Nbd7 17. Nxd7 Qxd7 18. Qd2 Rad8 19. Qxb4 e5 20. dxe5
Ng4 21. Qe4 Bxe5 22. Bxe5 h5 23. Ng5 Rf8 24. Rad1 Rde8 25. Qd4 1-0

[Event "39° Campionato Italiano Rapid ASCID"]
[Site "Pesaro"]
[Date "2024.04.20"]
[Round "2"]
[White "Ionata, Lorenzo"]
[Black "Brunetti, Emilio"]
[Result "0-1"]
[Board "8"]
[WhiteElo "1516"]
[BlackElo "1629"]
[TimeControl "1500+30"]
[ECO "C50"]
[Opening "King's pawn game"]
[PlyCount "52"]
[EventDate "2024.04.20"]
[EventRounds "6"]
[EventCountry "ITA"]
[Annotator "Bersca0.53"]

1. e4 e5 2. Nf3 Nc6 3. Bc4 h6 4. O-O Nf6 5. Nc3 Bc5 6. Na4 d6 7. d3 Bg4 8.
c3 a6 9. b4 Ba7 10. Ba3 b5 11. Bb3 bxa4 12. Bxa4 Bd7 13. b5 axb5 14. Bxb5
Bb6 15. Bb2 O-O 16. Qb3 Rb8 17. d4 exd4 18. cxd4 Na5 19. Qb4 c6 20. Bd3 Bg4
21. Nh4 Nd7 22. Qxd6 Qxh4 23. Qf4 Nf6 24. e5 Bc7 25. Qe4 Be6 26. exf6 Qxh2# 
0-1

[Event "39° Campionato Italiano Rapid ASCID"]
[Site "Pesaro"]
[Date "2024.04.20"]
[Round "3"]
[White "Pugliese, Giuseppe Franco"]
[Black "Casadei, Marco"]
[Result "0-1"]
[Board "1"]
[WhiteElo "1758"]
[BlackElo "1969"]
[TimeControl "1500+30"]
[ECO "B22"]
[Opening "Sicilian"]
[Variation "Alapin's variation (2.c3)"]
[PlyCount "43"]
[EventDate "2024.04.20"]
[EventRounds "6"]
[EventCountry "ITA"]
[Annotator "Bersca0.53"]

1. e4 c5 2. c3 g6 3. Nf3 Bg7 4. d4 cxd4 5. cxd4 d5 6. e5 Bg4 7. h3 Bxf3 8.
Qxf3 Nc6 9. Bb5 e6 10. Nc3 Ne7 11. Bg5 Qb6 12. Bxe7 Kxe7 13. Rd1 Nxd4 14.
Qd3 Nxb5 15. Qxb5 Qxb5 16. Nxb5 Bxe5 17. O-O Rhc8 18. Nd4 Rc4 19. Nf3 Bxb2
20. Rb1 Rb4 21. Rfd1 Rc8 22. Nd4 0-1

[Event "39° Campionato Italiano Rapid ASCID"]
[Site "Pesaro"]
[Date "2024.04.20"]
[Round "3"]
[White "Vrioni, Bersan"]
[Black "Gasperoni, Claudio"]
[Result "0-1"]
[Board "2"]
[WhiteElo "1956"]
[BlackElo "1866"]
[TimeControl "1500+30"]
[ECO "C65"]
[Opening "Ruy Lopez"]
[Variation "Berlin defence"]
[PlyCount "58"]
[EventDate "2024.04.20"]
[EventRounds "6"]
[EventCountry "ITA"]
[Annotator "Bersca0.53"]

1. e4 e5 2. Nf3 Nc6 3. Bb5 Nf6 4. d3 d6 5. O-O g6 6. h3 Bg7 7. Bg5 O-O 8.
Qd2 Be6 9. Ba4 Ne7 10. Bh6 c6 11. Bxg7 Kxg7 12. Bb3 Bxb3 13. axb3 Nh5 14.
d4 Qc7 15. dxe5 dxe5 16. Qc3 f6 17. g3 a6 18. Nbd2 Rad8 19. Nc4 Rd7 20.
Rfd1 Rfd8 21. Qe1 Kf7 22. Rxd7 Rxd7 23. Rd1 Rxd1 24. Qxd1 Ng7 25. g4 Ne6
26. g5 Nxg5 27. Ncxe5+ Kg7 28. Nxg5 Qxe5 29. Nf3 Qxe4 0-1

[Event "39° Campionato Italiano Rapid ASCID"]
[Site "Pesaro"]
[Date "2024.04.20"]
[Round "3"]
[White "Soppelsa, Maurizio"]
[Black "Poli, Diego"]
[Result "1/2-1/2"]
[Board "3"]
[WhiteElo "1732"]
[BlackElo "1744"]
[TimeControl "1500+30"]
[ECO "A22"]
[Opening "English"]
[Variation "Bremen, reverse dragon"]
[PlyCount "57"]
[EventDate "2024.04.20"]
[EventRounds "6"]
[EventCountry "ITA"]
[Annotator "Bersca0.53"]

1. c4 e5 2. Nc3 Nf6 3. g3 d5 4. cxd5 Nxd5 5. Bg2 Nxc3 6. bxc3 Bd6 7. e3 c6
8. Ne2 Bf5 9. e4 Bg6 10. O-O Qb6 11. Qb3 Nd7 12. d4 Qxb3 13. axb3 O-O 14.
Ba3 Bxa3 15. Rxa3 f5 16. exf5 Bxf5 17. Rd1 e4 18. c4 Bg4 19. Rd2 Bf3 20. b4
Nb6 21. Rc3 Rf6 22. Bxf3 Rxf3 23. Rdc2 Raf8 24. Rxf3 exf3 25. Nc1 Re8 26.
Kf1 Re6 27. Rc3 Rf6 28. Nd3 Rh6 29. Kg1 1/2-1/2

[Event "39° Campionato Italiano Rapid ASCID"]
[Site "Pesaro"]
[Date "2024.04.20"]
[Round "3"]
[White "Vandelli, Jiazhuang"]
[Black "Pezzolato, Erica"]
[Result "1-0"]
[Board "4"]
[WhiteElo "1399"]
[BlackElo "1667"]
[TimeControl "1500+30"]
[ECO "A01"]
[Opening "Nimzovich-Larsen attack"]
[Variation "Indian variation"]
[PlyCount "51"]
[EventDate "2024.04.20"]
[EventRounds "6"]
[EventCountry "ITA"]
[Annotator "Bersca0.53"]

1. b3 Nf6 2. Nf3 g6 3. Bb2 Bg7 4. e4 d6 5. Bc4 O-O 6. d3 Nbd7 7. O-O Nb6 8.
Nbd2 Nxc4 9. Nxc4 Be6 10. Nfd2 c6 11. a4 b5 12. axb5 cxb5 13. Ne3 Rc8 14.
Rxa7 Rc7 15. Rxc7 Qxc7 16. Qe2 Ra8 17. Ra1 Rxa1+ 18. Bxa1 Qa7 19. Bc3 Qa2
20. Nf3 Bxb3 21. e5 Nd7 22. Nd4 Nxe5 23. cxb3 Qxe2 24. Nxe2 Nxd3 25. Nd5
Bxc3 26. Nexc3 1-0

[Event "39° Campionato Italiano Rapid ASCID"]
[Site "Pesaro"]
[Date "2024.04.20"]
[Round "3"]
[White "Vilone, Gennaro"]
[Black "Manneschi, Fabrizio"]
[Result "1-0"]
[Board "5"]
[WhiteElo "1644"]
[BlackElo "1627"]
[TimeControl "1500+30"]
[ECO "C50"]
[Opening "King's pawn game"]
[PlyCount "71"]
[EventDate "2024.04.20"]
[EventRounds "6"]
[EventCountry "ITA"]
[Annotator "Bersca0.53"]

1. e4 e5 2. Nf3 Nc6 3. Bc4 Na5 4. Bb3 Nxb3 5. axb3 f6 6. d3 Bd6 7. c3 Bc5
8. b4 Bxf2+ 9. Kxf2 d6 10. Rf1 Bg4 11. Kg1 Qe7 12. Be3 f5 13. Rxa7 Rb8 14.
h3 Bh5 15. Qb3 f4 16. Bf2 Bf7 17. Qa4+ c6 18. Ra8 Qc7 19. Rxb8+ Qxb8 20.
Nfd2 Nf6 21. Nc4 Bxc4 22. dxc4 Nxe4 23. b5 O-O 24. bxc6 Qe8 25. c5 Nxc5 26.
Bxc5 dxc5 27. Qc4+ Kh8 28. cxb7 e4 29. Re1 Qd7 30. Rxe4 Qxb7 31. Rxf4 Re8
32. b4 cxb4 33. Qxb4 Qa7+ 34. Kh1 Qa1 35. Rf8+ Rxf8 36. Qxf8# 1-0

[Event "39° Campionato Italiano Rapid ASCID"]
[Site "Pesaro"]
[Date "2024.04.20"]
[Round "3"]
[White "Amadei, Lorenzo"]
[Black "Battaglia, Gabriele"]
[Result "1/2-1/2"]
[Board "6"]
[WhiteElo "1573"]
[BlackElo "1635"]
[TimeControl "1500+30"]
[ECO "B21"]
[Opening "Sicilian"]
[Variation "Smith-Morra gambit"]
[PlyCount "118"]
[EventDate "2024.04.20"]
[EventRounds "6"]
[EventCountry "ITA"]
[Annotator "Bersca0.53"]

1. e4 c5 2. d4 cxd4 3. Qxd4 Nc6 4. Qd1 Nf6 5. Nc3 d6 6. Nf3 g6 7. Bb5 Bg7
8. O-O O-O 9. Bf4 a6 10. Bc4 b5 11. Bb3 Bb7 12. a3 Nh5 13. Bg5 Nf6 14. Qe2
Na5 15. Ba2 Rc8 16. Rad1 Qc7 17. Qe3 Nc4 18. Qc1 Nxe4 19. Bh4 Nxc3 20. bxc3
Bxc3 21. Rd3 Bb2 22. Qe1 Rfe8 23. Bg3 Nxa3 24. Ng5 Qc6 25. f3 Qxc2 26.
Bxf7+ Kg7 27. Re3 Rf8 28. Rxe7 Qc5+ 29. Bf2 Qxg5 30. Be6+ Kh8 31. Bxc8 Bxf3
32. g3 Rxc8 33. Re8+ Rxe8 34. Qxe8+ Kg7 35. Re1 Be5 36. Re3 Qg4 37. Rxa3
Qe4 38. Re3 Qb1+ 39. Be1 Bd4 40. Qe7+ Kh6 41. Kf2 Qc2+ 42. Kxf3 Bxe3 43.
Qxe3+ Kg7 44. Bc3+ Kf7 45. Qf4+ Qf5 46. Qxf5+ gxf5 47. h4 Ke6 48. Kf4 d5
49. g4 fxg4 50. Kxg4 Kf7 51. Kf4 Kg6 52. Ke5 Kh5 53. Kxd5 Kxh4 54. Kc6 h5
55. Kb6 Kh3 56. Kxa6 h4 57. Kxb5 Kg2 58. Be5 h3 59. Kc4 h2 1/2-1/2

[Event "39° Campionato Italiano Rapid ASCID"]
[Site "Pesaro"]
[Date "2024.04.20"]
[Round "3"]
[White "Trapletti, Cosetta"]
[Black "Zanotti, Damiano"]
[Result "0-1"]
[Board "8"]
[WhiteElo "1614"]
[BlackElo "1399"]
[TimeControl "1500+30"]
[ECO "A13"]
[Opening "English opening"]
[PlyCount "42"]
[EventDate "2024.04.20"]
[EventRounds "6"]
[EventCountry "ITA"]
[Annotator "Bersca0.53"]

1. c4 e6 2. Nc3 Nf6 3. d4 d5 4. Nf3 Be7 5. e3 O-O 6. Bd3 b6 7. O-O Bb7 8.
Re1 Nbd7 9. e4 dxe4 10. Nxe4 c5 11. Be3 Nxe4 12. Qc2 Ndf6 13. Bg5 Nxg5 14.
Nxg5 g6 15. Re3 Qxd4 16. Rae1 Qg4 17. g3 Qxg5 18. f4 Qh6 19. Kf2 Qxh2+ 20.
Kf1 Qh1+ 21. Kf2 Qg2# 0-1

[Event "39° Campionato Italiano Rapid ASCID"]
[Site "Pesaro"]
[Date "2024.04.20"]
[Round "3"]
[White "Delmonte, Davide"]
[Black "Ionata, Lorenzo"]
[Result "0-1"]
[Board "9"]
[WhiteElo "1635"]
[BlackElo "1516"]
[TimeControl "1500+30"]
[ECO "A00"]
[Opening "Polish (Sokolsky) opening"]
[PlyCount "32"]
[EventDate "2024.04.20"]
[EventRounds "6"]
[EventCountry "ITA"]
[Annotator "Bersca0.53"]

1. b4 e5 2. Bb2 Nc6 3. a3 d5 4. d4 Bd6 5. e3 f5 6. c4 Nf6 7. Nf3 e4 8. Ne5
Be6 9. cxd5 Nxd5 10. Bc4 Qg5 11. Qa4 Qxg2 12. Ke2 Qxh1 13. Bxd5 Bxd5 14.
Nxc6 Qf3+ 15. Kf1 Bc4+ 16. Ke1 Qe2# 0-1

[Event "39° Campionato Italiano Rapid ASCID"]
[Site "Pesaro"]
[Date "2024.04.20"]
[Round "4"]
[White "Casadei, Marco"]
[Black "Gasperoni, Claudio"]
[Result "1-0"]
[Board "1"]
[WhiteElo "1969"]
[BlackElo "1866"]
[TimeControl "1500+30"]
[ECO "C53"]
[Opening "Giuoco piano"]
[Variation "Anderssen variation"]
[PlyCount "46"]
[EventDate "2024.04.20"]
[EventRounds "6"]
[EventCountry "ITA"]
[Annotator "Bersca0.53"]

1. e4 e5 2. Nf3 Nc6 3. Bc4 Bc5 4. c3 Nf6 5. d4 exd4 6. e5 d5 7. Bb5 Ne4 8.
cxd4 Bb4+ 9. Bd2 Nxd2 10. Nbxd2 O-O 11. O-O Bg4 12. Qc2 Bxd2 13. Qxd2 Ne7
14. Qf4 Bxf3 15. Qxf3 c6 16. Bd3 Qb6 17. Qe3 Rae8 18. f4 Ng6 19. b3 Re7 20.
Rae1 Rfe8 21. f5 Nf8 22. Rf4 Qa5 23. Qg3 Rxe5 1-0